 Dungeon Crawl Stone Soup version 0.30-a0-711-gf4ac18a38d (webtiles) character file.

Game seed: 14382149129871837478

48 PLAYERX the Trooper (level 3, -3/33 HPs)
             Began as a Minotaur Monk on Jan 22, 2023.
             Slain by Sigmund
             ... wielding a +0 scythe
              (5 damage)
             ... on level 2 of the Dungeon.
             The game lasted 00:07:39 (1040 turns).

PLAYERX the Trooper (Minotaur Monk)                 Turns: 1040, Time: 00:07:39

Health: -3/33      AC:  5    Str: 17    XL:     3   Next: 50%
Magic:  2/2        EV: 12    Int:  7    God:
Gold:   10         SH:  0    Dex: 12    Spells: 2/2 levels left

rFire   . . .      SeeInvis .    a - +0 falchion
rCold   . . .      Faith    .    (no shield)
rNeg    . . .      Spirit   .    m - +0 ring mail
rPois   .          Reflect  .    (helmet restricted)
rElec   .          Harm     .    (no cloak)
rCorr   .          Rampage  .    (no gloves)
Will    .....                    (no boots) Stlth
                                 (no amulet)
HPRegen 0.25/turn                (no ring)
MPRegen 0.08/turn                (no ring)

@: confused
A: horns 2, retaliatory headbutt
a: no special abilities


You were on level 2 of the Dungeon.
You visited 1 branch of the dungeon, and saw 2 of its levels.

You collected 10 gold pieces.

Inventory:

Hand Weapons
 a - a +0 falchion (weapon)
Missiles
 f - 15 stones (quivered)
Armour
 m - a +0 ring mail (worn)
Scrolls
 b - 2 scrolls of enchant armour {unknown}
 d - a scroll of silence {unknown}
 g - a scroll of butterflies {unknown}
 j - a scroll of poison {unknown}
 k - a scroll of teleportation {unknown}
 l - a scroll of torment {unknown}
Potions
 c - a potion of ambrosia
 e - a potion of might {unknown}
 h - a potion of brilliance
 i - a potion of heal wounds {unknown}


   Skills:
 + Level 4.3 Fighting
 + Level 4.2 Long Blades
 + Level 0.1 Armour
 + Level 3.9 Dodging
 + Level 1.7 Stealth


You had 2 spell levels left.
You didn't know any spells.
Your spell library was empty.

Dungeon Overview and Level Annotations

Branches:
Dungeon (2/15)

Altars:

Annotations:
D:2 Sigmund


Innate Abilities, Weirdness & Mutations

You have a pair of horns on your head.
You reflexively headbutt those who attack you in melee.


Message History

There is a stone staircase leading up here.
You feel less confused. Something hits you.
* * * LOW HITPOINT WARNING * * *
You climb upwards.
Reactivating autopickup.
There is a stone staircase leading down here.
You start resting.
HP restored.
You climb downwards.
Level annotation: Sigmund
There is a stone staircase leading up here.
Sigmund points at you and mumbles some strange words.
The puff of flame hits you.
Sigmund gestures wildly while chanting.
Sigmund flickers and vanishes!
Deactivating autopickup; reactivate with Ctrl-A.
You hear some strange, mumbled words.
A magic dart appears from out of thin air!
The magic dart hits you.
You hear some strange, mumbled words.
A puff of flame appears from out of thin air!
The puff of flame hits you.
You barely miss something. Your headbutt misses something.
Something barely misses you.
You miss something. You headbutt something. You hit something.
Something hits you.
You closely miss something. Something hits you.
You hit something. Something hits you.
You hit something but do no damage. You closely miss something.
Something hits you.
* * * LOW HITPOINT WARNING * * *
You hit something.
You hear some strange, mumbled words.
You are confused.
You bump into the rock wall.
Something hits you.
* * * LOW HITPOINT WARNING * * *
You bump into the rock wall.
Found a sedimented white potion.
Something hits you.
You die...

# ##. # #..
#.#.# # .#.###
.. ...!
#.#.#####.##
#.#.....@.{#
.##
#.#######.##
....#...#..<..#
#.....#.....#
#.>...#####.#
##.........<#
#.########.#
#.# #.#


There were no monsters in sight!

Vanquished Creatures
  Jessica (D:2)
  A dart slug (D:1)
  3 bats (D:1)
  3 hobgoblins (D:1)
  4 jackals (D:1)
  2 kobolds (D:1)
  A quokka (D:1)
  A goblin (D:1)
  2 rats (D:1)
18 creatures vanquished.

Notes
Turn   | Place    | Note
-------+----------+-------------------------------------------
     0 | D:1      | PLAYERX the Minotaur Monk began the quest for the Orb.
     0 | D:1      | Reached XP level 1. HP: 19/19 MP: 0/0
   123 | D:1      | Reached XP level 2. HP: 7/27 MP: 1/1
   883 | D:2      | Noticed Jessica
   887 | D:2      | Killed Jessica
   888 | D:2      | Reached XP level 3. HP: 32/33 MP: 2/2
   898 | D:2      | Noticed Sigmund
  1040 | D:2      | Slain by Sigmund

Illustrated notes

Levels and vault maps discovered:
D:1:      minmay_arrival_jagged, layout_basic
D:2:      layout_basic, uniq_sigmund, uniq_jessica

Skill      XL: |  1  2 |
---------------+-------+-----
Fighting       | 4 |  4.3
Long Blades    | 4 |  4.2
Armour         | |  0.1
Dodging        | |  3.9
Stealth        | |  1.7

Action                     || total
---------------------------++-------
  Melee: Falchion          ||    65
         Headbutt          ||    13
         Punch             ||     1
 Armour: Robe              ||     8
         Leather armour    ||     9
         Ring mail         ||     4
  Dodge: Dodged            ||    57

Table legend: (Time is in decaauts)
 A = Elapsed time spent in this place.
 B = Non-inter-level travel time spent in this place.
 C = Inter-level travel time spent in this place.
 D = Time resting spent in this place.
 E = Time spent auto-exploring this place.
 F = Levels seen in this place.
 G = Mean time per level.
                   A        B        C        D        E       F      G
               +--------+--------+--------+--------+--------+-----+--------+
         Total |   1047 |   1047 |      0 |    178 |    555 |   2 |  523.5 |
       Dungeon |   1047 |   1047 |      0 |    178 |    555 |   2 |  523.5 |
               +--------+--------+--------+--------+--------+-----+--------+

Top non-repeatable levels by time:
     D:1: 984 daAuts
     D:2: 62 daAuts
